 Dungeon Crawl Stone Soup version 0.21.0 (webtiles) character file.

32872 Rrauwl the Severer (level 13, -1/113 HPs)
             Began as a Hill Orc Monk on Jan 7, 2018.
             Was the Champion of the Shining One.
             Killed from afar by a frost giant (34 damage)
             ... with a bolt of cold
             ... on level 14 of the Dungeon.
             The game lasted 00:53:24 (15272 turns).

Rrauwl the Severer (Hill Orc Monk)                 Turns: 15272, Time: 00:53:25

Health: -1/113     AC: 20    Str: 18    XL:     13   Next: 67%
Magic:  20/22      EV:  8    Int: 12    God:    the Shining One [******]
Gold:   565        SH: 11    Dex: 16    Spells: 12/12 levels left

rFire    . . .     SeeInvis .   a - +5 battleaxe (freeze)
rCold    . . .     Gourm    .   (shield currently unavailable)
rNeg     + + +     Faith    .   u - +0 plate armour
rPois    .         Spirit   .   g - +2 hat
rElec    .         Reflect  .   h - +2 cloak
rCorr    .         Harm     .   (no gloves)
MR       .....     Clarity  +   (no boots)
Stlth    ..........             (no amulet)
HPRegen  0.28/turn              y - +2 ring of dexterity
MPRegen  0.18/turn              k - +1 ring of protection

@: divine shield, about to teleport, glowing
A: talons 1, clarity, clever 1, sturdy frame 1
a: Divine Shield, Cleansing Flame, Summon Divine Warrior, Brand Weapon With Holy
Wrath, Renounce Religion


You were on level 14 of the Dungeon.
You worshipped the Shining One.
The Shining One was exalted by your worship.
You were not hungry.

You visited 3 branches of the dungeon, and saw 17 of its levels.

You collected 969 gold pieces.
You spent 404 gold pieces at shops.

Inventory:

Hand Weapons
 a - a +5 battleaxe of freezing (weapon)
 b - a +0 arbalest
 c - a +1 flail
Missiles
 e - 149 bolts
Armour
 g - a +2 hat (worn)
 h - a +2 cloak (worn)
 u - a +0 plate armour (worn)
Jewellery
 k - a +1 ring of protection (right hand)
 l - an uncursed ring of positive energy
 m - an uncursed ring of magical power
 x - an uncursed ring of flight
 y - a +2 ring of dexterity (left hand)
Wands
 n - a wand of iceblast (11)
 p - a wand of acid (5)
Scrolls
 d - 2 scrolls of immolation
 f - 4 scrolls of teleportation
 i - 10 scrolls of identify
 q - 2 scrolls of enchant armour
 r - a scroll of blinking
 s - 3 scrolls of remove curse
 t - a scroll of fog
 w - a scroll of amnesia
Potions
 o - 2 potions of might
 v - a potion of heal wounds
 z - 3 potions of flight
Comestibles
 j - 19 rations


   Skills:
 - Level 10.0 Fighting
 + Level 19.5 Axes
 + Level 4.4 Crossbows
 + Level 8.6 Armour
 - Level 3.0 Dodging
 - Level 2.0 Stealth
 - Level 13.2 Invocations
 + Level 2.4 Evocations


You had 12 spell levels left.
You didn't know any spells.

Dungeon Overview and Level Annotations

Branches:
Dungeon (14/15)            Temple (1/1) D:5            Lair (0/6) D:10
    Orc (2/2) D:9             Elf (0/3) Orc:2        Vaults (0/5) D:13

Altars:
Ashenzari
Cheibriados
Dithmenos
Elyvilon
Fedhas
Gozag
Hepliaklqana
Kikubaaqudgha
Makhleb
Nemelex Xobeh
Okawaru
Qazlal
Ru
Sif Muna
Trog
Uskayaw
Vehumet
Wu Jian
Xom
Yredelemnul
Zin
The Shining One

Shops:
D:7 :   D:8 ?


Innate Abilities, Weirdness & Mutations

You have sharp toenails.
You possess an exceptional clarity of mind.
Your mind is acute. (Int +2)
Your movements are slightly less encumbered by armour. (ER -2)


Message History

You hit the frost giant but do no damage.
You claw the frost giant, but do no damage.
The frost giant is lightly wounded.
The frost giant barely misses you.
An ettin comes into view.
It is wielding a dire flail and a dire flail of crushing.
You slice the frost giant!! You freeze the frost giant.
You claw the frost giant.
The frost giant is moderately wounded.
You slash the frost giant! You claw the frost giant.
The frost giant is heavily wounded.
The frost giant casts a spell at you. The bolt of cold hits you!
* * * LOW HITPOINT WARNING * * *
A worker ant comes into view.
Unknown command.
As you read the scroll of teleportation, it crumbles to dust.
You feel strangely unstable. The frost giant casts a spell at you.
The bolt of cold hits you!
You die...

# ##.####.#### ### ##..#
#....# ..###
###..#####.##.# ....##
#.....(.......#
##...######
#.##########..#
###......###.#..#..#..#..#
##.........#..'..)).#..#
###..<..###..##'####(##..#
##...#######..#.@# #..#..#
..............#CC# #..#..#
..##########..##'# #'##..#
.## #..#..a #..#..# .#
##.#..# #..#..## ##
#.########+#...#
#............#.#
##########.#.#.# #...#.#


You could see a frost giant, an ettin and a worker ant.

Vanquished Creatures
  A hydra (D:14)
  A death knight (D:14)
  A centaur warrior (D:14)
  7 two-headed ogres
  An unseen horror (D:14)
  A wizard (D:14)
  A necromancer (D:13)
  A phantasmal warrior (D:14)
  2 orc knights
  9 ugly things (D:14)
  A deep elf mage (D:12)
  A manticore (D:14)
  An orc sorcerer (Orc:1)
  2 cyclopes
  Maurice (D:9)
  A centaur zombie (D:11)
  A centaur skeleton (D:13)
  2 gargoyles (D:13)
  A komodo dragon (D:14)
  A freezing wraith (D:14)
  5 trolls
  A hornet (D:10)
  6 slime creatures
  A meliai zombie (D:10)
  3 hippogriffs
  16 yaks
  5 wraiths
  A human (D:7)
  2 vampires (D:14)
  3 hogs (D:7)
  Grum (D:10)
  2 vampire mosquitoes (D:13)
  A warg (Orc:1)
  An acid dragon (D:13)
  2 ice beasts
  7 orc warriors
  A sky beast (D:4)
  3 black bears
  A hornet zombie (D:14)
  3 necrophages (D:11)
  4 phantoms
  7 ogres
  3 wolves (D:10)
  7 centaurs
  13 bullfrogs
  2 gnoll sergeants
  A wyvern zombie (D:11)
  A scorpion (D:7)
  6 killer bees (D:10)
  33 wights
  A howler monkey (D:10)
  4 bullfrog zombies
  4 crimson imps
  A quasit (D:8)
  7 hounds
  2 bullfrog skeletons
  A gnoll shaman (D:7)
  3 orc priests
  3 jellies
  10 orc wizards
  5 iguanas
  Natasha (thrice) (D:2)
  6 worker ants
  Terence (D:2)
  A hound zombie (D:11)
  A hound skeleton (D:10)
  2 mummies (D:11)
  A worker ant zombie (D:9)
  11 adders
  19 gnolls
  2 shadow imps (D:7)
  An adder skeleton (D:8)
  2 worms
  A dart slug (D:2)
  9 leopard geckos
  44 orcs
  4 giant cockroaches
  5 goblins
  7 hobgoblins
  9 jackals
  8 quokkas
  2 ball pythons (D:1)
  6 bats
  2 frilled lizards
  8 kobolds
  A leopard gecko zombie (D:6)
  A quokka skeleton (D:5)
  2 rats (D:2)
379 creatures vanquished.

Vanquished Creatures (collateral kills)
  Nessos (D:12)
  2 slime creatures (D:12)
3 creatures vanquished.

Vanquished Creatures (others)
  A withered plant (D:11)
1 creature vanquished.

Grand Total: 383 creatures vanquished

Notes
Turn   | Place    | Note
-------+----------+-------------------------------------------
     0 | D:1      | Rrauwl the Hill Orc Monk began the quest for the Orb.
     0 | D:1      | Reached XP level 1. HP: 19/19 MP: 1/1
   383 | D:1      | Reached XP level 2. HP: 21/27 MP: 2/2
  1252 | D:2      | Reached XP level 3. HP: 27/33 MP: 3/3
  1561 | D:2      | Noticed Natasha
  1585 | D:2      | Killed Natasha
  1585 | D:2      | Reached skill level 1 in Armour
  1585 | D:2      | Reached XP level 4. HP: 30/40 MP: 4/4
  1614 | D:2      | Noticed Terence
  1630 | D:2      | Killed Terence
  1698 | D:2      | Noticed Natasha
  1711 | D:2      | Killed Natasha
  1711 | D:2      | Reached skill level 5 in Axes
  2008 | D:2      | Reached XP level 5. HP: 44/47 MP: 5/5
  2174 | D:2      | Noticed Natasha
  2186 | D:2      | Killed Natasha
  2429 | D:3      | Reached skill level 5 in Fighting
  2933 | D:4      | Reached XP level 6. HP: 34/56 MP: 6/6
  3094 | D:4      | Reached skill level 6 in Axes
  3390 | D:4      | Reached XP level 7. HP: 21/62 MP: 7/7
  3925 | D:5      | Entered Level 5 of the Dungeon
  4285 | D:5      | Found a shattered altar of Ashenzari.
  4414 | D:5      | Found a staircase to the Ecumenical Temple.
  4421 | Temple   | Entered the Ecumenical Temple
  4455 | Temple   | Became a worshipper of the Shining One
  4455 | Temple   | Reached * piety under the Shining One
  4455 | Temple   | Reached ** piety under the Shining One
  4728 | D:5      | Reached skill level 7 in Axes
  4954 | D:5      | Found a sparkling altar of Nemelex Xobeh.
  5298 | D:6      | Reached skill level 5 in Armour
  5298 | D:6      | Reached XP level 8. HP: 42/71 MP: 8/8
  5887 | D:6      | Reached skill level 8 in Axes
  6146 | D:7      | Reached skill level 9 in Axes
  6152 | D:7      | Noticed a hippogriff
  6165 | D:7      | Killed a hippogriff
  6165 | D:7      | Reached skill level 10 in Axes
  6212 | D:7      | Gained mutation: Your mind is acute. (Int +2) [potion of mutation]
  6212 | D:7      | Gained mutation: Your magical capacity is low. (-10% MP) [potion of mutation]
  6212 | D:7      | Gained mutation: You are partially covered in iridescent scales. (AC +2) [potion of mutation]
  6228 | D:7      | Reached skill level 11 in Axes
  6236 | D:7      | Reached XP level 9. HP: 69/79 MP: 8/8
  6403 | D:7      | Found Rodghop's Book Shop.
  6451 | D:7      | Reached skill level 12 in Axes
  6451 | D:7      | Reached skill level 1 in Invocations
  6929 | D:8      | Reached skill level 5 in Invocations
  6995 | D:8      | Reached skill level 13 in Axes
  7011 | D:8      | Reached *** piety under the Shining One
  7207 | D:8      | Found Yleisybefa's Magic Scroll Shoppe.
  7221 | D:8      | Bought a scroll of enchant armour for 112 gold pieces
  7221 | D:8      | Bought a scroll of blinking for 112 gold pieces
  7339 | D:8      | Found a sparkling altar of Nemelex Xobeh.
  7536 | D:9      | Reached XP level 10. HP: 47/86 MP: 13/13
  7549 | D:9      | Found a staircase to the Orcish Mines.
  7590 | D:9      | Noticed a two-headed ogre
  7601 | D:9      | Killed a two-headed ogre
  7601 | D:9      | Reached skill level 14 in Axes
  7917 | D:9      | Noticed Maurice
  7927 | D:9      | Killed Maurice
  7949 | D:9      | Reached skill level 15 in Axes
  8015 | D:9      | Reached **** piety under the Shining One
  8484 | D:9      | Found a deep blue altar of Sif Muna.
  8594 | D:10     | Entered Level 10 of the Dungeon
  8702 | D:10     | Reached skill level 16 in Axes
  8805 | D:10     | Noticed a two-headed ogre
  8813 | D:10     | Killed a two-headed ogre
  9050 | D:10     | Reached XP level 11. HP: 81/94 MP: 14/14
  9195 | D:10     | Noticed a two-headed ogre
  9209 | D:10     | Killed a two-headed ogre
  9377 | D:10     | Got a jewelled quarterstaff
  9379 | D:10     | Identified the +8 quarterstaff of Slow Death {drain, MP+9 Int+3 Dex+4} (You found it on level 10 of the Dungeon)
  9472 | D:10     | Noticed Grum
  9490 | D:10     | Killed Grum
  9810 | D:10     | Found a staircase to the Lair.
 10411 | D:11     | Reached skill level 10 in Fighting
 10441 | D:11     | Reached ***** piety under the Shining One
 10510 | D:11     | Noticed a two-headed ogre
 10514 | D:11     | Killed a two-headed ogre
 11038 | D:11     | Reached skill level 17 in Axes
 11092 | D:12     | Noticed a seven-headed hydra
 11259 | D:12     | Noticed a deep elf mage
 11276 | D:12     | Killed a deep elf mage
 11420 | D:12     | Noticed Nessos
 11445 | D:12     | Killed Nessos
 11445 | D:12     | Reached XP level 12. HP: 13/106 MP: 2/17
 11550 | D:12     | Noticed an eight-headed hydra
 11852 | D:12     | Found an opulent altar of Gozag.
 11854 | D:12     | Found a white marble altar of Elyvilon.
 11854 | D:12     | Found a snail-covered altar of Cheibriados.
 11856 | D:12     | Found a shimmering altar of Xom.
 11856 | D:12     | Found a hazy altar of Hepliaklqana.
 11856 | D:12     | Found a shimmering altar of Xom.
 12158 | D:8      | Bought a scroll of remove curse for 45 gold pieces
 12158 | D:8      | Bought 3 scrolls of remove curse for 135 gold pieces
 12306 | D:13     | Noticed a two-headed ogre
 12321 | D:13     | Killed a two-headed ogre
 12321 | D:13     | Reached skill level 10 in Invocations
 12455 | D:13     | Found a gate to the Vaults.
 12496 | D:13     | Reached skill level 18 in Axes
 12588 | D:13     | Lost mutation: You are partially covered in iridescent scales. (AC +2) [potion of mutation]
 12588 | D:13     | Lost mutation: Your magical capacity is low. (-10% MP) [potion of mutation]
 12588 | D:13     | Lost mutation: Your mind is acute. (Int +2) [potion of mutation]
 12588 | D:13     | Gained mutation: You possess an exceptional clarity of mind. [potion of mutation]
 12588 | D:13     | Gained mutation: Your mind is acute. (Int +2) [potion of mutation]
 12588 | D:13     | Gained mutation: Your movements are slightly less encumbered by armour. (ER -2) [potion of mutation]
 12588 | D:13     | Gained mutation: You have sharp toenails. [potion of mutation]
 12734 | D:13     | Noticed a two-headed ogre
 12739 | D:13     | Killed a two-headed ogre
 13310 | Orc:1    | Entered Level 1 of the Orcish Mines
 13804 | Orc:2    | Entered Level 2 of the Orcish Mines
 13804 | Orc:2    | Found a staircase to the Elven Halls.
 13997 | D:14     | Killed an eight-headed hydra
 13997 | D:14     | Reached skill level 1 in Crossbows
 14046 | D:14     | Reached skill level 19 in Axes
 14046 | D:14     | Reached XP level 13. HP: 113/113 MP: 22/22
 14153 | D:14     | Reached ****** piety under the Shining One
 14526 | D:14     | Reached skill level 1 in Evocations
 14907 | D:14     | Found a runed door.
 15265 | D:14     | Noticed a frost giant
 15270 | D:14     | Noticed an ettin
 15272 | D:14     | Killed from afar by a frost giant

Skill      XL: |  1  2  3  4  5  6  7  8  9 10 11 12 13 |
---------------+----------------------------------------+-----
Stealth        | 2 |  2.0
Fighting       | 4 5 6 7 8 10 | 10.0
Armour         | 1 2 3 5 6 7 8 |  8.6
Dodging        | 3 |  3.0
Axes           | 5 6 7 11 13 16 17 19 | 19.5
Invocations    | 6 7 9 12 13 | 13.2
Crossbows      | 1 4 |  4.4
Evocations     | 2 |  2.4

Action                   |  1- 3 |  4- 6 |  7- 9 | 10-12 | 13-15 || total
-------------------------+-------+-------+-------+-------+-------++-------
Melee: Hand axe          |   121 |   222 |   117 |       |       ||   460
       War axe           |       |       |   210 |   438 |       ||   648
       Battleaxe         |       |       |     3 |   168 |   132 ||   303
       Kick              |       |       |       |    24 |    44 ||    68
       Flail             |       |       |       |    18 |       ||    18
 Fire: Arbalest          |       |       |       |    19 |       ||    19
Invok: Divine Shield     |       |       |     1 |     6 |     1 ||     8
       Cleansing Flame   |       |       |       |     1 |       ||     1
       Summon Divine War |       |       |       |     1 |       ||     1
Evoke: Wand              |       |    13 |     3 |     6 |     7 ||    29
  Use: Scroll            |     3 |     4 |     4 |     4 |     1 ||    16
       Potion            |     2 |     4 |     4 |    10 |       ||    20
 Stab: Sleeping          |     2 |       |       |       |       ||     2
       Paralysed         |       |     6 |       |       |       ||     6
  Eat: Chunk             |     2 |     4 |     6 |    12 |     2 ||    26
       Ration            |       |     1 |     2 |     3 |     1 ||     7
Armor: Robe              |    10 |       |       |       |       ||    10
       Chain mail        |    25 |   101 |   165 |       |       ||   291
       Plate armour      |       |       |     2 |   307 |    42 ||   351
       Skin              |       |       |       |     2 |       ||     2
Dodge: Dodged            |    65 |    81 |   138 |   158 |    31 ||   473
Block: Other             |       |       |     6 |    31 |       ||    37
